 Dungeon Crawl Stone Soup version 0.29-a0-542-g075992c915 (webtiles) character file.

Game seed: 2349477244918414023

3 oldriver the Sneak (level 1, -2/19 HPs)
             Began as a Palentonga Delver on June 4, 2022.
             Slain by a gnoll
             ... wielding a +0 club
              (7 damage)
             ... on level 3 of the Dungeon.
             The game lasted 00:00:48 (124 turns).

oldriver the Sneak (Palentonga Delver)               Turns: 124, Time: 00:00:49

Health: -2/19      AC:  4    Str: 15    XL:     1   Next: 41%
Magic:  1/1        EV:  9    Int: 10    God:
Gold:   28         SH:  0    Dex: 11    Spells: 0/0 levels left

rFire   . . .      SeeInvis +   a - +0 hand axe
rCold   . . .      Faith    .   (no shield)
rNeg    . . .      Spirit   .   b - +0 leather armour
rPois   .          Reflect  .   (no helmet)
rElec   .          Harm     .   (no cloak)
rCorr   .          Rampage  .   (no gloves)
Will    .....                   (no barding)
Stlth   ++........              (no amulet)
HPRegen 0.06/turn               (no ring)
MPRegen 0.07/turn               (no ring)

@: about to teleport, hasted, very quick
A: large, rugged brown scales 3, see invisible, deformed body, roll 1, armoured
tail
a: Rolling Charge


You were on level 3 of the Dungeon.
You visited 1 branch of the dungeon, and saw 4 of its levels.

You collected 28 gold pieces.

Inventory:

Hand Weapons
 a - a +0 hand axe (weapon)
Armour
 b - a +0 leather armour (worn)
Wands
 g - a wand of digging (3)
Scrolls
 c - a scroll of fog
 d - a scroll of magic mapping
 e - a scroll of fear


   Skills:
 + Level 3.1 Fighting
 + Level 2.1 Axes
 - Level 1.5 Dodging
 - Level 3.3 Stealth


You couldn't memorise any spells.
You didn't know any spells.
Your spell library was empty.

Dungeon Overview and Level Annotations

Branches:
Dungeon (5/15)
 Temple: D:4-7

Altars:
Trog
Xom

Portals:
Sewer: D:3

Annotations:
D:4 Ijyb


Innate Abilities, Weirdness & Mutations

You are completely covered in rugged brown scales. (AC +3, +7% HP)
You have supernaturally acute eyesight. (SInv)
Armour fits poorly on your strangely shaped body.
You can roll at nearby foes to attack.
You have a long armoured tail.


Message History

You closely miss the giant cockroach. The giant cockroach closely misses you.
A gnoll comes into view. It is wielding a +0 club.
The gnoll shouts!
You hit the giant cockroach.
You kill the giant cockroach!
A quokka comes into view.
The gnoll hits you with a +0 club. The rat bites you.
You see here a giant cockroach corpse.
A kobold comes into view. It is wielding a +0 short sword.
There is a stone staircase leading up here.
There's nothing you can charge at!
The kobold shouts!
You hit the gnoll.
The gnoll is moderately wounded.
You hear a shout!
You barely miss the gnoll.
The gnoll is moderately wounded.
The gnoll hits you with a +0 club.
You hit the gnoll but do no damage.
The gnoll is lightly wounded.
The gnoll hits you with a +0 club.
You are too injured to fight recklessly!
You are too injured to fight recklessly!
Unknown command.
As you read the scroll labelled WIATEQURAR, it crumbles to dust.
You feel strangely unstable.
It was a scroll of teleportation.
The gnoll hits you but does no damage.
You closely miss the gnoll.
The gnoll is lightly wounded.
You hit the gnoll.
The gnoll is heavily wounded.
The gnoll hits you with a +0 club.
You hit the gnoll.
The gnoll is almost dead.
The gnoll hits you with a +0 club.
* * * LOW HITPOINT WARNING * * *
You closely miss the gnoll.
The gnoll is almost dead.
The gnoll hits you with a +0 club!
You die...

###### #....# .
##....# ..
######.....#######
#.#................#
##....####...>#
.....Kgrg@#####
......gB###
.........≈B≈B≈≈
.........B≈≈≈∩≈
.........≈≈r≈≈≈
........#######
....r.... .........
.........


You could see 3 gnolls, a giant cockroach, a kobold and a rat.

Vanquished Creatures
  2 giant cockroaches (D:3)
  A frilled lizard (D:3)
3 creatures vanquished.

Notes
Turn   | Place    | Note
-------+----------+-------------------------------------------
     0 | D:5      | oldriver the Palentonga Delver began the quest for the Orb.
     0 | D:5      | Reached XP level 1. HP: 19/19 MP: 1/1
    54 | D:4      | Noticed Ijyb
    54 | D:4      | Noticed a black bear
    74 | D:4      | Found a bloodstained altar of Trog.
    91 | D:3      | Found a glowing drain.
   124 | D:3      | Slain by a gnoll

Illustrated notes

Levels and vault maps discovered:
D:2:      layout_loops_corners, ebering_ecumenical_altar_rust, uniq_natasha,
          uniq_crazy_yiuf_cottage
D:3:      layout_rooms, zin_statuary, portal_sewer_entry_f,
          corexii_leaking_fountain, st_stairs_7, uniq_sigmund, uniq_robin,
          uniq_jessica
D:4:      layout_cave_pools, bloody_trog, minmay_temple_entry_mist,
          serial_shops, nicolae_shop_crystal, uniq_ijyb, uniq_blork_the_orc
D:5:      layout_loops_ring, xom_teletrap_fun, uniq_menkaure

Action                   || total
-------------------------++-------
Melee: Hand axe          ||    21
       Tailslap          ||     1
 Abil: Rolling Charge    ||     1
  Use: Scroll            ||     1
       Potion            ||     1
Armor: Leather armour    ||     6
Dodge: Dodged            ||     7

Table legend: (Time is in decaauts)
 A = Elapsed time spent in this place.
 B = Non-inter-level travel time spent in this place.
 C = Inter-level travel time spent in this place.
 D = Time resting spent in this place.
 E = Time spent auto-exploring this place.
 F = Levels seen in this place.
 G = Mean time per level.
                   A        B        C        D        E       F      G
               +--------+--------+--------+--------+--------+-----+--------+
         Total |    121 |    121 |      0 |      2 |      0 |   4 |   30.2 |
       Dungeon |    121 |    121 |      0 |      2 |      0 |   4 |   30.2 |
               +--------+--------+--------+--------+--------+-----+--------+

Top non-repeatable levels by time:
     D:5: 72 daAuts
     D:3: 38 daAuts
     D:4: 8 daAuts
     D:2: 1 daAuts
